 Dungeon Crawl Stone Soup version 0.19-a0-1482-ga9fd55e (webtiles) character file.

1274 Ryco the Slasher (level 8, -2/50 HPs)
             Began as a Demonspawn Gladiator on Sept 7, 2016.
             Was a Follower of Hepliaklqana.
             Slain by an orc warrior
             ... wielding a +0 battleaxe
              (15 damage)
             ... on level 6 of the Dungeon.
             The game lasted 00:25:40 (3704 turns).

Ryco the Slasher (Demonspawn Gladiator)             Turns: 3704, Time: 00:25:41

Health: -2/50      AC:  2    Str: 16    XL:     8   Next: 28%
Magic:  10/10      EV: 16    Int: 10    God:    Hepliaklqana [*.....]
Gold:   322        SH:  0    Dex: 19    Spells: 0 memorised, 7 levels left

rFire  + . .     SeeInvis .     a - +0 long sword
rCold  . . .     Gourm    +     t - +0 robe
rNeg   . . .     Faith    .     (no shield)
rPois  .         Spirit   .     (helmet restricted)
rElec  .         Dismiss  .     (no cloak)
rCorr  .         Reflect  .     (no gloves)
MR     +....     Harm     .     (no boots)
Stlth  ++........               g - amulet of the gourmand
                                E - ring of Pupnem {Wiz +Blink rF+ Dex+4}
                                p - ring of protection from magic

@: very slightly contaminated, hasted, very quick
A: antennae 2, talons 2, demonic guardian 1, spiny 1
a: Recall Ancestor, Ancestor Identity, Renounce Religion, Evoke Blink


You were on level 6 of the Dungeon.
You worshipped Hepliaklqana.
Hepliaklqana was aware of your devotion.
You were full.

You visited 2 branches of the dungeon, and saw 7 of its levels.

You collected 322 gold pieces.

Inventory:

Hand Weapons
 a - a +0 long sword (weapon)
 b - a +0 blowgun
 d - a +4 long sword
Missiles
 m - 14 tomahawks (quivered)
 B - 8 poisoned needles
Armour
 t - a +0 robe (worn)
 A - a +0 leather armour
 G - a +0 cloak
Jewellery
 g - an amulet of the gourmand (around neck)
 p - a ring of protection from magic (left hand)
 y - an uncursed ring of magical power
 E - the ring of Pupnem (right hand) {Wiz +Blink rF+ Dex+4}
   (You found it on level 5 of the Dungeon)

   [ring of wizardry]

   It improves your spell success rate.
   It affects your dexterity (+4).
   It protects you from fire.
   It lets you blink.
Wands
 F - a wand of hasting (0/9)
Scrolls
 c - a scroll of blinking {unknown}
 i - 5 scrolls of remove curse
 k - 3 scrolls of random uselessness {unknown}
 l - 3 scrolls of enchant armour {unknown}
 n - 6 scrolls of identify {unknown}
 q - 3 scrolls of teleportation {unknown}
 u - 3 scrolls of amnesia {unknown}
 v - a scroll of recharging {unknown}
 D - a scroll of noise {unknown}
Potions
 e - 2 potions of mutation {unknown}
 j - a potion of curing
 o - 2 potions of agility
 x - a potion of heal wounds {unknown}
 z - a potion of invisibility {unknown}
 C - a potion of resistance {unknown}
Comestibles
 f - 4 bread rations
 h - 4 fruits
 r - a royal jelly
 s - 2 beef jerkies
 w - 3 meat rations


   Skills:
 - Level 2.0 Fighting
 + Level 7.8 Long Blades
 - Level 1.7 Throwing
 - Level 5.1 Dodging
 - Level 3.4 Evocations


You had 7 spell levels left.
You didn't know any spells.

Dungeon Overview and Level Annotations

Branches:
Dungeon (6/15)             Temple (1/1) D:5

Altars:
Ashenzari
Cheibriados
Dithmenos
Elyvilon
Fedhas
Gozag
Hepliaklqana
Kikubaaqudgha
Nemelex Xobeh
Okawaru
Ru
Sif Muna
Uskayaw
Vehumet
Xom
Yredelemnul
Zin
The Shining One


Innate Abilities, Weirdness & Mutations

You have a pair of antennae on your head.
You have razor-sharp toenails.
A weak demonic guardian rushes to your aid.
You are partially covered in sharp spines.


Message History

The orc warrior hits your quasit with a battleaxe!
Your quasit dies!
The orc warrior barely misses you.
The orc warrior shouts!
You completely miss the orc warrior. You claw the orc warrior.
The orc warrior is moderately wounded.
Nakurtum hits the orc warrior but does no damage.
The orc warrior hits you with a battleaxe!
* * * LOW HITPOINT WARNING * * *
The orc warrior hits Nakurtum with a battleaxe!
Unknown command.
Nakurtum barely misses the orc warrior.
Evoke which item? (* to show all) (? for menu, Esc to quit)
Zapping:
F - a wand of hasting (will waste charges)
Press: ? - help, Shift-Dir - straight line, f - you, p - orc warrior You feel yourself speed up.
You are very lightly contaminated with residual magic.
Evoking this partially-identified wand wasted a few charges.
The orc warrior hits you with a battleaxe!
You die...

####### ...(..% #####
....... ....# ....... ....#
#####.<..... ....####
########<..........
.......###......@oRoo.......
...........................(
....#......#.#.#...##.......
....#...#.#......### .......
......#......##.># ...$...
........#.##.##.## ###..##
................# ..#
................# .#
.##.##...#..##.. #


You could see the friendly Nakurtum the ancestor, an orc warrior and 2 orc
wizards.

Vanquished Creatures
  Grinder (D:5)
  An ice beast (D:5)
  An ogre (D:5)
  A big kobold (D:4)
  3 scorpions
  An orc priest (D:3)
  3 giant frog skeletons
  A giant frog zombie (D:5)
  2 hounds
  An orc wizard (D:4)
  An iguana (D:6)
  Natasha (thrice) (D:3)
  4 worker ants
  2 gnolls (D:6)
  8 adders
  An ooze (D:4)
  An adder skeleton (D:4)
  4 worms
  3 dart slugs
  4 giant geckos
  9 orcs
  9 giant cockroaches
  12 goblins
  15 hobgoblins
  18 jackals
  5 quokkas
  A ball python (D:3)
  8 bats
  3 giant newts
  27 kobolds
  9 rats
162 creatures vanquished.

Vanquished Creatures (collateral kills)
  A scorpion (D:4)
  A howler monkey (D:4)
  A gnoll (D:6)
  A howler monkey skeleton (D:6)
  2 kobolds (D:4)
6 creatures vanquished.

Grand Total: 168 creatures vanquished

Notes
Turn   | Place    | Note
-------+----------+-------------------------------------------
     0 | D:1      | Ryco the Demonspawn Gladiator began the quest for the Orb.
     0 | D:1      | Reached XP level 1. HP: 16/16 MP: 1/1
    52 | D:1      | Reached skill level 3 in Long Blades
   117 | D:1      | Gained mutation: You are partially covered in sharp spines. [demonic ancestry]
   117 | D:1      | Reached XP level 2. HP: 22/22 MP: 2/2
   409 | D:1      | Gained mutation: You have a pair of small antennae on your head. [demonic ancestry]
   409 | D:1      | Reached XP level 3. HP: 27/27 MP: 3/3
   523 | D:2      | Reached skill level 4 in Long Blades
   595 | D:2      | Gained mutation: You have sharp toenails. [demonic ancestry]
   595 | D:2      | Reached XP level 4. HP: 32/33 MP: 4/4
  1032 | D:3      | Noticed Natasha
  1039 | D:3      | Killed Natasha
  1039 | D:3      | Reached skill level 5 in Long Blades
  1080 | D:3      | Noticed Natasha
  1088 | D:3      | Killed Natasha
  1088 | D:3      | Gained mutation: You have razor-sharp toenails. [demonic ancestry]
  1088 | D:3      | Reached XP level 5. HP: 17/38 MP: 5/5
  1744 | D:3      | Reached skill level 6 in Long Blades
  1771 | D:3      | Noticed Natasha
  1792 | D:3      | Killed Natasha
  1792 | D:3      | Gained mutation: A weak demonic guardian rushes to your aid. [demonic ancestry]
  1792 | D:3      | Reached XP level 6. HP: 12/44 MP: 6/6
  2226 | D:4      | Reached skill level 7 in Long Blades
  2316 | D:4      | Reached XP level 7. HP: 8/50 MP: 7/7
  2333 | D:4      | HP: 2/50 [scorpion (5)]
  2776 | D:5      | Entered Level 5 of the Dungeon
  2794 | D:5      | Got a scintillating copper ring
  2796 | D:5      | Identified the ring of Pupnem {Wiz +Blink rF+ Dex+4} (You found it on level 5 of the Dungeon)
  2927 | D:5      | Noticed Grinder
  2930 | D:5      | Found a staircase to the Ecumenical Temple.
  2940 | Temple   | Entered the Ecumenical Temple
  2979 | Temple   | Became a worshipper of Hepliaklqana
  3032 | D:5      | Killed Grinder
  3185 | D:5      | Gained mutation: You have a pair of antennae on your head. [demonic ancestry]
  3185 | D:5      | Reached XP level 8. HP: 30/50 MP: 8/10
  3287 | D:5      | Reached * piety under Hepliaklqana
  3411 | D:6      | Reached skill level 5 in Dodging
  3704 | D:6      | Slain by an orc warrior

Vault maps used:
D:1:      mrwooster_arrival_statue_2, minmay_pentomino_u4
D:3:      corexii_shack_village, minmay_vboxes, uniq_natasha
D:4:      kennysheep_kobold_camp
D:5:      first_bread, uniq_grinder
D:6:      fountainhead, vehumet_altar_wand_db
Temple:   nicolae_temple_the_god_donut

Skill      XL: |  1  2  3  4  5  6  7  8 |
---------------+-------------------------+-----
Long Blades    | 3 4 5 6 7 |  7.8
Dodging        | 4 5 |  5.1
Evocations     | 2 3 |  3.4
Fighting       | |  2.0
Throwing       | |  1.7

Action                   |  1- 3 |  4- 6 |  7- 9 || total
-------------------------+-------+-------+-------++-------
Melee: Long sword        |    83 |   207 |   139 ||   429
       Kick              |       |    52 |    55 ||   107
Throw: Throwing net      |       |     6 |       ||     6
       Tomahawk          |       |     2 |     8 ||    10
Invok: Ancestor Identity |       |       |     1 ||     1
       Recall Ancestor   |       |       |     1 ||     1
 Abil: Evoke Blink       |       |       |     1 ||     1
Evoke: Wand              |       |       |     1 ||     1
  Use: Scroll            |     2 |     1 |       ||     3
       Potion            |       |     3 |     1 ||     4
 Stab: Sleeping          |     1 |     2 |     3 ||     6
       Held in net/web   |       |     4 |       ||     4
  Eat: Chunk             |       |    11 |     9 ||    20
Armor: Leather armour    |    13 |     9 |       ||    22
       Robe              |       |    13 |     9 ||    22
Dodge: Dodged            |    46 |    91 |    65 ||   202
